 Dungeon Crawl Stone Soup version 0.24-a0-769-g368c1644f8 (webtiles) character file.

Game seed: 15093527594820168862, levelgen mode: deterministic

191 Multipenetrator the Ruffian (level 5, -3/48 HPs)
             Began as an Ogre Transmuter on Oct 6, 2019.
             Slain by Blork the orc
             ... wielding a +0 short sword
              (5 damage)
             ... on level 4 of the Dungeon.
             The game lasted 00:22:26 (4073 turns).

Multipenetrator the Ruffian (Ogre Transmuter)       Turns: 4073, Time: 00:22:26

Health: -3/48      AC:  3    Str: 15    XL:     5   Next: 70%
Magic:  8/9        EV: 10    Int: 14    God:
Gold:   253        SH:  0    Dex:  9    Spells: 8/10 levels left

rFire    . . .     SeeInvis .     - Unarmed
rCold    + . .     Gourm    .   (no shield)
rNeg     . . .     Faith    .   q - +0 robe {rC+}
rPois    .         Spirit   .   (helmet restricted)
rElec    .         Reflect  .   (no cloak)
rCorr    .         Harm     .   (gloves unavailable)
MR       .....                  (boots unavailable)
Stlth    +.........             (no amulet)
HPRegen  0.16/turn              (no ring)
MPRegen  0.11/turn              (no ring)

@: appendage (expiring)
A: large, unfitting armour, horns 2, tough skin 1
a: End Transformation


You were on level 4 of the Dungeon.
You were not hungry.
You had grown temporary horns.
You visited 1 branch of the dungeon, and saw 5 of its levels.

You collected 253 gold pieces.

Inventory:

Missiles
 a - 84 arrows
Armour
 q - a +0 robe of cold resistance (worn)
Jewellery
 f - an uncursed ring of flight
Wands
 s - a wand of flame (16)
 u - a wand of scattershot (3)
Scrolls
 c - 3 scrolls of amnesia
 g - a scroll of blinking {unknown}
 j - 4 scrolls of remove curse
 m - 2 scrolls of random uselessness {unknown}
 o - 2 scrolls of fog {unknown}
 p - a scroll of immolation {unknown}
 r - a scroll of magic mapping {unknown}
 w - a scroll of enchant weapon {unknown}
 y - a scroll of identify
Potions
 b - a potion of resistance {unknown}
 e - a potion of invisibility {unknown}
 h - a potion of flight
 i - 2 potions of might
 k - 3 potions of brilliance
 l - a potion of berserk rage {unknown}
 t - 2 potions of magic
 v - a potion of lignification {unknown}
Comestibles
 d - 5 rations


   Skills:
 - Level 1.4 Fighting
 - Level 2.0 Dodging
 - Level 0.3 Stealth
 - Level 3.5 Unarmed Combat
 - Level 3.0 Spellcasting
 + Level 3.4 Hexes
 - Level 2.0 Transmutations


You had 8 spell levels left.
You knew the following spells:

 Your Spells              Type           Power        Failure   Level  Hunger
a - Beastly Appendage     Tmut           #.....       10%         1    #......
b - Confusing Touch       Hex            ##....       5%          1    #......

Your spell library contained the following spells:

 Spells                   Type           Power        Failure   Level  Hunger
 Sticks to Snakes         Tmut           #.......     14%         2    ##.....
 Confuse                  Hex            ##......     16%         3    ###....
 Spider Form              Tmut/Pois      #.........   38%         3    ###....
 Gell's Gravitas          Tloc           #.........   54%         3    ###....
 Ice Form                 Ice/Tmut       #.......     80%         4    #####..
 Petrify                  Tmut/Erth      #.......     80%         4    #####..
 Yara's Violent Unravell  Hex/Tmut       #.........   88%         5    ######.
 Blade Hands              Tmut           #.........   95%         5    ######.
 Metabolic Englaciation   Hex/Ice        #.........   96%         5    ######.


Dungeon Overview and Level Annotations

Branches:
Dungeon (5/15)
 Temple: D:4-7

Altars:
Makhleb
Sif Muna

Annotations:
D:4 Blork the orc


Innate Abilities, Weirdness & Mutations

You are too large for most types of armour.
You have tough skin. (AC +1)
You have a pair of horns on your head.


Message History

* * * LOW HITPOINT WARNING * * *
You barely miss Blork the orc.
Blork the orc is almost dead.
Blork the orc hits you with a +0 short sword.
* * * LOW HITPOINT WARNING * * *
Blork the orc points at you and mumbles some strange words.
The puff of flame hits you!
* * * LOW HITPOINT WARNING * * *
Casting: Confusing Touch (safe; 5% risk of failure)
Confirm with . or Enter, or press ? or * to list all spells.
You grow a pair of large bovine horns.
Blork the orc hits you with a +0 short sword!
* * * LOW HITPOINT WARNING * * *
Okay, then.
Okay, then.
You hit Blork the orc.
Blork the orc is almost dead.
Your transformation is almost over.
Blork the orc hits you with a +0 short sword.
You die...

#............# #......
##...........## #.<....
#.......>....# #......
##............# #......
#............)# #......
#.............# ###......
##.............###........
###
#.....................####
#.##
#........Oo....>.###### #
###..# #........)....####
# #....####............#
####
......##.............#
###...
.........#.......<..##
##.....
.......###........###
#...... ......##
###....### ##..... #.....#
###.## ##.... #.....#
#...# ##...


You could see Blork the orc.

Vanquished Creatures
  An ogre (D:4)
  A hound (D:4)
  3 adders
  3 dart slugs
  4 giant cockroaches
  3 goblins
  7 hobgoblins
  3 jackals (D:1)
  5 kobolds
  3 ball pythons
  4 bats
  4 frilled lizards
  2 rats (D:1)
43 creatures vanquished.

Notes
Turn   | Place    | Note
-------+----------+-------------------------------------------
     0 | D:1      | Multipenetrator the Ogre Transmuter began the quest for the
                  | Orb.
     0 | D:1      | Reached XP level 1. HP: 19/19 MP: 3/3
   154 | D:1      | Reached XP level 2. HP: 27/27 MP: 3/5
   986 | D:2      | Reached XP level 3. HP: 33/33 MP: 5/7
  1392 | D:2      | Found a burning altar of Makhleb.
  2006 | D:3      | Learned a level 1 spell: Confusing Touch
  2165 | D:3      | Reached XP level 4. HP: 41/41 MP: 5/8
  2192 | D:3      | Reached skill level 1 in Hexes
  2631 | D:3      | Found a shimmering blue altar of Sif Muna.
  3255 | D:4      | Noticed an ogre
  3307 | D:4      | Killed an ogre
  3307 | D:4      | Reached XP level 5. HP: 48/48 MP: 9/9
  3713 | D:5      | Entered Level 5 of the Dungeon
  3715 | D:5      | Noticed Blork the orc
  3784 | D:4      | HP: 1/48 [Blork the orc/+0 short sword (5)]
  4072 | D:4      | HP: 2/48 [Blork the orc/+0 short sword (8)]
  4073 | D:4      | Slain by Blork the orc

Levels and vault maps discovered:
D:1:      dpeg_arrival_boxes_within_box, layout_basic
D:2:      layout_rooms, bloody_makhleb
D:3:      layout_basic, lemuel_blue_sif_altar, first_ration, saegor_snake_ambush
D:4:      layout_cave_pods, lemuel_flame_loot_1
D:5:      layout_loops_ring, grunt_temple_overflow_lords_of_destruction,
          serial_shops, shop, chequers_serial_rivers_micro_b,
          kennysheep_doodads, uniq_eustachio, uniq_pikel, uniq_grinder,
          uniq_blork_the_orc, uniq_crazy_yiuf_cottage

Skill      XL: |  1  2  3  4 |
---------------+-------------+-----
Unarmed Combat | 3 |  3.5
Dodging        | 2 |  2.0
Transmutations | 2 |  2.0
Spellcasting   | 3 |  3.0
Hexes          | 3 |  3.4
Fighting       | |  1.4
Stealth        | |  0.3

Action                   |  1- 3 |  4- 6 || total
-------------------------+-------+-------++-------
Melee: Unarmed           |   148 |    89 ||   237
       Headbutt          |     8 |     6 ||    14
       Kick              |    12 |     3 ||    15
       Punch             |       |     2 ||     2
 Cast: Beastly Appendage |    26 |    11 ||    37
       Confusing Touch   |     4 |     7 ||    11
Evoke: Wand              |       |     2 ||     2
  Use: Scroll            |     2 |     4 ||     6
       Potion            |     2 |     1 ||     3
 Stab: Confused          |       |     8 ||     8
  Eat: Ration            |     1 |     2 ||     3
       Chunk             |     1 |     1 ||     2
Armor: Robe              |    44 |    29 ||    73
Dodge: Dodged            |    81 |    51 ||   132

Table legend:
 A = Non-vault XP
 B = Vault XP
 C = Vault XP percentage of total XP
 D = Non-vault monster count
 E = Vault monster count
 F = Vault count percentage of total count
                 A         B        C        D         E       F
            +---------+---------+-------+---------+---------+-------
      Total |     256 |      17 |   6.2 |      40 |       3 |   7.0
            +---------+---------+-------+---------+---------+-------
        D:1 |      33 |       0 |   0.0 |      18 |       0 |   0.0
        D:2 |      24 |       0 |   0.0 |       7 |       0 |   0.0
        D:3 |      32 |      17 |  34.7 |      12 |       3 |  20.0
        D:4 |     167 |       0 |   0.0 |       3 |       0 |   0.0
            +---------+---------+-------+---------+---------+-------
